woodfighter, chaotic female orcish Cavewoman ----- --------- |<..--- ------.......-- ------- --------------- |.....---|.........--..| |.....| ------- |.............| --..|....|)---------|..| |.(_..| |>...(| --+---|--.----+| ---|.........| ---- |.....| ------ --....|--- |..|...|-.|.-..| ----.|....|--- ----- ---|--- |..-.| ---..|..---|..|--.-..--|..| ---..|..----...-- |.| |..|.| ---|-.%.%.-|--........--|| ------ |..|....|.....---- |.| |..|.|-----......--................| |%%!%| --...............---.-- ---|.-..||.......-|..--------|--..-- |....| |......---.........).----- |.|..||...{%...|--|........(|..-- ---|--------....|------....^.....---|.|..||-.......| |*.)?%![..|...| ------.---...-|...-|..|..|-...-.......-|.|---|...|....|-------------...| |..|-.........|..--|..|..|--.....---...|.--.@|..---...-|.(((| |.......-- |..-...............-|---|-----..-|-..*%|....@.....|-...-.((.| |.------ -----.....{....----...............|........)l---...|...-|.(%(| |.|...-. |..............-- |-|--.---------..@..`...--..|..[%....|------ |.|...|----- ||-----.........| |...|.|.(((| --.......-----|...|....|------ |.--|-|....| |...| --..------- |...|.-.((.| ---...--- --..|...--.....---.....-%)-|| |...| ---- ------|.(((| ----- -----.....----.....{..|..|(| ----- ------ ------- --------------- woodfighter the Young Cave Woman Experience level: 9 Strength: 18/02 Dexterity: 14 Constitution: 18 Intelligence: 8 Wisdom: 8 Charisma: 9 Health: 0(82) Energy: 36(36) Def: 10 Gold: 225 Moves: 5951 Dungeon seed: D-DU44yi-M_-tbyV Game ID: woodfighter_1477167674 Your Inventory: Coins $ - 225 gold pieces Amulets R - an uncursed amulet versus poison (being worn) Weapons a - a +0 dwarvish spear (weapon in hand) b - a +2 sling (alternate weapon; not wielded) Armor n - a blessed +0 dwarvish cloak (being worn) r - an uncursed +0 elven shield (being worn) L - an uncursed +0 orcish helm (being worn) V - an uncursed +0 Hawaiian shirt (being worn) W - an uncursed +1 pair of elven boots (being worn) X - a cursed -1 pair of gauntlets of dexterity Y - a blessed +1 elven mithril-coat (being worn) Comestibles g - 4 uncursed food rations m - an uncursed sprig of wolfsbane A - an uncursed tin of spinach J - an uncursed fortune cookie Z - an uncursed lizard corpse Scrolls c - an uncursed scroll of confuse monster d - an uncursed scroll of taming Wands o - a wand of lightning (0:4) U - a wand of digging (0:5) Tools s - an uncursed bag of holding v - a +0 pick-axe x - an uncursed towel y - an uncursed skeleton key M - an uncursed brass lantern (0:1059) Gems e - 9 uncursed flints (in quiver) K - an uncursed luckstone Spells and supernatural/magical abilities: Name Level Category Fail Memory W - pray for help -- divine ? -- Your skills at the end: Miscellaneous Skills bare handed combat [Basic] stealth [Skilled] Weapon Skills scimitar [Basic] club [Basic] spear [Skilled] sling [Basic] Spellcasting Skills Final Attributes: You were piously aligned. You were poison resistant. Your writing hand was ok. You had infravision. You were stealthy. You were fast. You were lucky. You had extra luck. Bad luck did not time out for you. Good luck did not time out for you. You are dead. Vanquished creatures: an Elvenking 2 rock trolls 2 small mimics an ettin mummy a large dog a shocking sphere a tengu 2 giant beetles a wolf a panther a lizard a giant spider a forest centaur 2 gnome kings 2 orc mummies 4 Green-elves a dwarf lord a plains centaur a snake a soldier ant 3 yellow lights a bugbear a rock mole a pony a violet fungus 18 gnome lords 7 gnomish wizards 2 elf zombies 9 giant ants a puppy a floating eye 25 dwarves a kobold lord 2 hill orcs a rothe a jitterbug a werejackal 4 killer bees 6 hobbits a large kobold 2 geckos a hobgoblin 3 giant rats a yellow mold a green mold 68 gnomes 6 garter snakes 8 jackals a kobold 6 newts a goblin 2 sewer rats 6 grid bugs 4 bats 3 lichens a kobold zombie 229 creatures vanquished. Voluntary challenges: You did not cause conflict. You were not invisible. You did not have reflection. You were not displaced. You had been an atheist until turn 2583. You used a wielded weapon 392 times, starting on turn 23. You did not apply a unicorn horn. You did not use plumbed fixtures. You did not drink any magical draughts. You were illiterate. You never genocided any monsters. You never polymorphed an object. You never changed form. You used no wishes. You never split a pudding. You never wrote Elbereth's name. You never violated your personal moral code. Dungeon overview: The Dungeons of Doom: levels 1 to 3 Level 1 a fountain a long staircase Level 2 (vl) stairs to The Gnomish Mines Level 3 The Gnomish Mines: levels 3 to 11 Level 3 stairs to The Dungeons of Doom Level 4 Level 5 Level 6 (unicorn) <- You were here many shops, a temple to Anu, a magic chest, some fountains Level 7 Level 8 Level 9 Level 10 Level 11 a magic chest, a fountain History has recorded: On T:1 you entered the Dungeons of Doom to retrieve the Amulet of Yendor! On T:401 you reached level 2 of The Dungeons of Doom. On T:514 you reached level 3 of The Dungeons of Doom. On T:677 you reached level 1 of The Gnomish Mines. On T:729 you advanced to experience level 2. On T:738 you advanced to experience level 3. On T:781 you reached level 2 of The Gnomish Mines. On T:798 you advanced to experience level 4. On T:1161 you advanced to experience level 5. On T:1412 you reached level 3 of The Gnomish Mines. On T:1620 you advanced to experience level 6. On T:1770 you reached level 4 of The Gnomish Mines. On T:2569 you entered the Minetown temple On T:2611 you opened a magic chest. On T:2665 you reached level 5 of The Gnomish Mines. On T:2686 you advanced to experience level 7. On T:2813 you reached level 6 of The Gnomish Mines. On T:3447 you prayed to Anshar. On T:3784 you advanced to experience level 8. On T:3793 you reached level 7 of The Gnomish Mines. On T:4452 you reached level 8 of The Gnomish Mines. On T:4716 you prayed to Anshar. On T:4721 you reached level 9 of The Gnomish Mines. On T:4721 you reached the bottom of the Mines. On T:5057 you advanced to experience level 9. On T:5582 you prayed to Anshar. Score breakdown: Gold: 225 ( 22 points) Experience: 9 levels ( 800 points) Exploration: 11 levels ( 300 points) Discoveries: 28 items ( 1400 points) Variety of kills: 56 monsters ( 2000 points) Major goal: reached Mine's End ( 1000 points) Survival: died (score multiplied by 3) Total score: 16566 Latest messages: You stop travelling. The jackal misses. You kill the jackal! You see here a jackal corpse. The jackal misses. You kill the jackal! d - a labeled VELOX NEB. You see here a jackal corpse. You kill the jackal! There are a few objects here. This jackal corpse tastes terrible! You finish eating the jackal corpse. g - an uncursed food ration. You see here a jackal corpse. The crocodile bites! The crocodile claws you! You jab the crocodile! The crocodile bites! The crocodile claws you! You jab the crocodile! The crocodile bites! The crocodile claws you! You die... The bag of holding is empty. The bag of holding is empty. Final status: Goodbye woodfighter the Cavewoman, killed by a crocodile... You died in The Gnomish Mines on dungeon level 6 with 16566 points, and 225 pieces of gold, after 5951 moves. You were level 9 with a maximum of 82 hit points when you died.